 Dungeon Crawl Stone Soup version 0.31.0-12-g77e489cdc1 (webtiles) character file.

Game seed: 4161559030418627000

8 diecastcamel the Shooter (level 2, 17/17 HPs)
             Began as a Kobold Hunter on Jan 18, 2024.
             Quit the game on level 2 of the Dungeon on Feb 26, 2024.
             The game lasted 00:02:57 (269 turns).

diecastcamel the Shooter (Kobold Hunter)             Turns: 269, Time: 00:02:58

Health: 17/17      AC:  4    Str:  8    XL:     2   Next: 15%
Magic:  2/2        EV: 14    Int: 10    God:
Gold:   6          SH:  0    Dex: 18    Spells: 1/1 levels left

rFire   . . .        a - +0 shortbow
rCold   . . .        (shield currently unavailable)
rNeg    . . .        c - +0 leather armour
rPois   .            f - +0 helmet
rElec   .            (no cloak)
rCorr   .            (no gloves)
SInv    .            (no boots)
Will    .....        (no amulet)
Stlth   +++          (no ring)
HPRegen 0.22/turn    (no ring)
MPRegen 0.08/turn

%: no passive effects
@: no status effects
A: small, no large weapons, nightstalker 3
a: no special abilities


You were on level 2 of the Dungeon.
You visited 1 branch of the dungeon, and saw 2 of its levels.

You collected 6 gold pieces.

Inventory:

Hand Weapons
 a - a +0 shortbow (weapon)
 e - a +0 arbalest
Armour
 c - a +0 leather armour (worn)
 f - a +0 helmet (worn)
Scrolls
 b - a scroll of butterflies
Potions
 d - 2 potions of curing {unknown}


   Skills:
 - Level 2.1 Fighting
 + Level 5.9 Ranged Weapons
 - Level 2.4 Dodging
 - Level 1.3 Stealth


You had one spell level left.
You didn't know any spells.
Your spell library was empty.

Dungeon Overview and Level Annotations

Branches:
Dungeon (2/15)

Altars:


Innate Abilities, Weirdness & Mutations

You are small and have problems with some larger weapons.
You are completely attuned to the shadows.


Message History

You kill the kobold!
Found a stone staircase leading down.
There is a stone staircase leading down here.
Found a stone staircase leading down.
d - 2 coppery potions A malevolent force fills the Dungeon...
You fall into a shaft and drop 1 floor!
The shaft crumbles and collapses.
Found a quarterstaff.
A dart slug comes into view.
You shoot an arrow. The arrow hits the dart slug!
The dart slug is severely wounded.
You shoot an arrow. The arrow hits the dart slug!
You kill the dart slug!
You have reached level 2!
You see here a +0 quarterstaff.
Found a stone staircase leading down.
There is a stone staircase leading down here.
A ball python comes into view.
You shoot an arrow. The arrow hits the ball python.
The ball python is heavily wounded.
You shoot an arrow.
The arrow barely misses the ball python.
You shoot an arrow. The arrow hits the ball python.
You kill the ball python!
Found an arbalest.
Found 6 gold pieces.
Found a helmet.
You see here a +0 arbalest.
e - a +0 arbalest You now have 6 gold pieces.
You see here a +0 helmet.
f - a +0 helmet You start putting on your armour.
You continue putting on your +0 helmet. x4
You finish putting on your +0 helmet.
Saving game... please wait.
Welcome back, diecastcamel the Kobold Hunter.
Press ? for a list of commands and other information.
Unknown command.
Are you sure you want to abandon this character and quit the game? (Confirm with "yes".)

#.......#
############
#.......#
#.......#
#.......#
#.......#
#.......#
#.......#
###.....#
#..@..#
#######


There were no monsters in sight!

Vanquished Creatures
  2 dart slugs
  A ball python (D:2)
  A kobold (D:1)
  A rat (D:1)
5 creatures vanquished.

Notes
Turn   | Place    | Note
-------+----------+-------------------------------------------
     0 | D:1      | diecastcamel the Kobold Hunter began the quest for the Orb.
     0 | D:1      | Reached XP level 1. HP: 12/12 MP: 1/1
   216 | D:1      | You fall into a shaft and drop 1 floor!
   235 | D:2      | Reached XP level 2. HP: 17/17 MP: 2/2
   269 | D:2      | Upgraded the game from 0.31-b1-22-gc680215f68 to
                  | 0.31.0-12-g77e489cdc1
   269 | D:2      | Quit the game

Illustrated notes

Levels and vault maps discovered:
D:1:      kennysheep_arrival_seaside, layout_loops_ring,
          shapermc_ecumenical_altar_mp_vishouse, dreamdust_wishing_well
D:2:      minmay_diamond_boxcup, layout_basic, uniq_natasha, uniq_jessica

Action                     || total
---------------------------++-------
   Fire: Shortbow          ||    10
  Dodge: Dodged            ||     1
